 Dungeon Crawl Stone Soup version 0.30-a0-1160-g6e42c06551 (webtiles) character file.

Game seed: 4930608641211515752

330 Esekla the Sneak (level 6, 0/42 HPs)
             Began as an Octopode Delver on Apr 26, 2023.
             Was an Initiate of Gozag.
             Slain by an ufetubus (4 damage)
             ... on level 5 of the Dungeon.
             The game lasted 00:13:47 (3048 turns).

Esekla the Sneak (Octopode Delver)                  Turns: 3048, Time: 00:13:48

Health: 0/42       AC:  1    Str: 11    XL:     6   Next: 51%
Magic:  8/8        EV: 13    Int: 20    God:    Gozag
Gold:   587        SH:  0    Dex: 14    Spells: 8/8 levels left

rFire   . . .        s - +1 dagger (venom)
rCold   . . .        (no shield)
rNeg    . . .        (helmet restricted)
rPois   .            (no amulet)
rElec   .            q - ring of flight
rCorr   +            v - ring of willpower
SInv    .            k - ring of resist corrosion
Will    +....        B - +6 ring of intelligence
Stlth   +++++        (no ring)
HPRegen 0.27/turn    (no ring)
MPRegen 0.11/turn    (no ring)
                     (no ring)

%: no passive effects
@: gold aura, flying
A: almost no armour, amphibious, 8 rings, camouflage 1, gelatinous body 1,
(nimble swimmer 1), tentacles
a: Renounce Religion, Potion Petition, Call Merchant, Bribe Branch


You were on level 5 of the Dungeon.
You worshipped Gozag.
Gozag was pleased with you.
You visited 2 branches of the dungeon, and saw 6 of its levels.

You collected 606 gold pieces.
You paid 19 gold pieces to Gozag.

Inventory:

Hand Weapons
 a - a +0 falchion
 r - a +0 trident
 s - a +1 dagger of venom (weapon)
Missiles
 d - 5 poisoned darts (quivered)
 t - 5 curare-tipped darts
Jewellery
 k - a ring of resist corrosion (on tentacle)
 q - a ring of flight (left tentacle)
 v - a ring of willpower (right tentacle)
 B - a +6 ring of intelligence (on tentacle)
Wands
 f - a wand of digging (3)
 C - a wand of quicksilver (18)
Scrolls
 b - a scroll of fog
 c - 2 scrolls of magic mapping
 g - 2 scrolls of noise {unknown}
 h - 2 scrolls of vulnerability {unknown}
 j - 6 scrolls of teleportation {unknown}
 l - 3 scrolls of enchant armour {unknown}
 o - a scroll of immolation {unknown}
 u - 3 scrolls of blinking {unknown}
 x - a scroll of poison {unknown}
 y - a scroll of identify {unknown}
 z - a scroll of torment {unknown}
Potions
 e - 2 potions of haste
 i - 2 potions of curing
 m - 2 potions of brilliance {unknown}
 n - a potion of cancellation {unknown}
 p - a potion of flight {unknown}
 w - 2 potions of attraction {unknown}
 A - 2 potions of lignification {unknown}
 D - a potion of degeneration {unknown}


   Skills:
 * Level 3.6 Fighting
 + Level 0.9(2.6) Short Blades
 * Level 4.0(4.1) Long Blades
 * Level 2.8 Dodging
 + Level 7.9 Stealth
 * Level 1.5 Spellcasting
 * Level 1.1 Conjurations
 * Level 0.8 Fire Magic


You had 8 spell levels left.
You didn't know any spells.
Your spell library contained the following spells:

 Spells                   Type           Power      Damage    Failure   Level
 Sandblast                Erth           2%         2d4       17%         1
 Passwall                 Tmut/Erth      0%         N/A       26%         2
 Stone Arrow              Conj/Erth      6%         3d7       36%         3
 Inner Flame              Hex/Fire       3%         N/A       38%         3
 Flame Wave               Conj/Fire      5%         2d5       73%         4
 Sticky Flame             Conj/Fire      5%         2d3       73%         4


Dungeon Overview and Level Annotations

Branches:
Dungeon (5/15)             Temple (1/1) D:5

Altars:
Cheibriados
Dithmenos
Fedhas
Gozag
Hepliaklqana
Kikubaaqudgha
Makhleb
Nemelex Xobeh
Okawaru
Qazlal
Ru
Sif Muna
Trog
Uskayaw
Vehumet
Wu Jian
Yredelemnul
Zin
The Shining One

Annotations:
D:2 1 runed translucent door, Crazy Yiuf


Innate Abilities, Weirdness & Mutations

You cannot wear most types of armour.
You are amphibious.
You can wear up to eight rings at the same time.
Your skin changes colour to match your surroundings (Stealth+).
Your rubbery body absorbs attacks. (AC +1, EV +1)
((You are camouflaged when in or above water. (Stealth+)))
You have tentacles for arms and can constrict up to eight enemies at once.


Message History

The ufetubus barely misses you. The ufetubus completely misses you.
You closely miss the ufetubus. You grab the ufetubus.
The ufetubus is severely wounded.
You constrict the ufetubus.
You kill the ufetubus!
You hit the hound.
The hound is poisoned.
Your grab misses the hound. Your squeeze misses the hound.
The hound is lightly wounded.
The hound bites you. x2
You completely miss the hound. Your grab misses the hound.
The hound is lightly wounded.
The hound closely misses you.
You miss the hound. Your grab misses the hound.
The hound is moderately wounded.
The hound bites you.
* * * LOW HITPOINT WARNING * * *
You barely miss the hound. Your grab misses the hound. You squeeze the hound!
The hound is almost dead.
The hound closely misses you.
You hit the hound but do no damage. You grab the hound.
You squeeze the hound, but do no damage.
The hound is almost dead.
You constrict the hound.
You kill the hound!
A scorpion comes into view.
You hit the ufetubus.
The ufetubus is poisoned.
Your grab misses the ufetubus.
The ufetubus is lightly wounded.
The ufetubus hits you.
* * * LOW HITPOINT WARNING * * *
The ufetubus misses you.
You hit the ufetubus but do no damage.
The ufetubus looks even sicker.
Your grab misses the ufetubus.
The ufetubus is moderately wounded.
The ufetubus hits you.
* * * LOW HITPOINT WARNING * * *
The ufetubus misses you.
A howler monkey comes into view.
The ufetubus hits you.
You die...
Your body crumbles into a pile of gold.

####### ## #.....#
####. #.###.####
##....######...#....#
##≈≈≈≈.......<#.####.#
.≈. ....#....#...##.#
≈≈ #.###.#.###.##.#
#####.#s5@..#.....##.#
#.......############.#
#....(..# #.#
#.......# #..
#......h# ###
........# #.h.....#
.#.$.#.## ......


You could see a scorpion, a howler monkey and an ufetubus (very poisoned).

Vanquished Creatures
  An ogre (D:4)
  Blork the orc (D:4)
  A hound (D:5)
  An iguana (D:4)
  3 adders (D:3)
  A shadow imp (D:4)
  An ufetubus (D:5)
  2 worms
  3 dart slugs
  An orc (D:3)
  9 endoplasms
  2 giant cockroaches
  6 goblins
  10 hobgoblins
  6 kobolds
  5 quokkas
  7 ball pythons
  7 bats
  A frilled lizard (D:3)
  5 rats
73 creatures vanquished.

Notes
Turn   | Place    | Note
-------+----------+-------------------------------------------
     0 | D:5      | Esekla the Octopode Delver began the quest for the Orb.
     0 | D:5      | Reached XP level 1. HP: 16/16 MP: 1/1
    38 | D:5      | Found a staircase to the Ecumenical Temple.
    49 | Temple   | Entered the Ecumenical Temple
   235 | Temple   | Became a worshipper of Gozag Ym Sagoz the Greedy
   288 | D:4      | Reached XP level 2. HP: 8/21 MP: 2/2
   532 | D:3      | Reached skill level 7 in Stealth
   590 | D:3      | Reached XP level 3. HP: 25/26 MP: 3/3
   955 | D:1      | Reached XP level 4. HP: 31/31 MP: 5/5
  1505 | D:2      | Noticed a black bear
  1784 | D:2      | Reached skill level 1 in Spellcasting
  1906 | D:2      | Found a runed translucent door.
  1907 | D:2      | Noticed Crazy Yiuf
  1977 | D:3      | Found an ornate altar of the Wu Jian Council.
  2581 | D:4      | Noticed Blork the orc
  2583 | D:4      | Killed Blork the orc
  2584 | D:4      | Reached XP level 5. HP: 36/36 MP: 6/6
  2961 | D:4      | Noticed an ogre
  2963 | D:4      | Killed an ogre
  2964 | D:4      | Reached skill level 1 in Conjurations
  2964 | D:4      | Reached XP level 6. HP: 42/42 MP: 6/8
  3048 | D:5      | Slain by an ufetubus

Illustrated notes

Levels and vault maps discovered:
D:1:      dpeg_arrival_simpleton_b, layout_loops_ring
D:2:      layout_rooms, corner_web_ring, nicolae_figureground_sparkle,
          uniq_crazy_yiuf_cottage
D:3:      layout_rooms, nicolae_wu_jian_wuxing_cycle
D:4:      layout_loops_corners, uniq_blork_the_orc
D:5:      layout_basic, temple_fountains, chequers_serial_rivers_micro_d,
          minmay_splitting_lines, nicolae_elemental_shop,
          minmay_increasing_density
Temple:   dpeg_five_rooms_temple

Skill      XL: |  1  2  3  4  5  6 |
---------------+-------------------+-----
Stealth        | 7 |  7.9
Spellcasting   | 1 |  1.5
Long Blades    | 3 4 |  4.0
Conjurations   | 1 |  1.1
Fighting       | |  3.6
Short Blades   | |  0.9
Dodging        | |  2.8
Fire Magic     | |  0.8

Action                     |  1- 3 |  4- 6 || total
---------------------------+-------+-------++-------
  Melee: Falchion          |    59 |    25 ||    84
         Constrict         |    14 |    22 ||    36
         Tentacles         |     9 |    18 ||    27
         Dagger            |       |    58 ||    58
  Throw: Dart              |       |     1 ||     1
    Use: Scroll            |       |     1 ||     1
   Stab: Sleeping          |    10 |     7 ||    17
 Armour: Skin              |     8 |     2 ||    10
  Dodge: Dodged            |    31 |    44 ||    75

Table legend: (Time is in decaauts)
 A = Elapsed time spent in this place.
 B = Non-inter-level travel time spent in this place.
 C = Inter-level travel time spent in this place.
 D = Time resting spent in this place.
 E = Time spent auto-exploring this place.
 F = Levels seen in this place.
 G = Mean time per level.
                   A        B        C        D        E       F      G
               +--------+--------+--------+--------+--------+-----+--------+
         Total |   3053 |   2944 |    109 |    203 |   1190 |   6 |  508.8 |
       Dungeon |   2833 |   2757 |     76 |    203 |   1021 |   5 |  566.6 |
        Temple |    219 |    186 |     33 |      0 |    169 |   1 |  219.0 |
               +--------+--------+--------+--------+--------+-----+--------+

Top non-repeatable levels by time:
     D:4: 850 daAuts
     D:1: 741 daAuts
     D:3: 617 daAuts
     D:2: 520 daAuts
  Temple: 219 daAuts
     D:5: 104 daAuts
